 Dungeon Crawl Stone Soup version bcrawl-1.31 (console) character file.

Game seed: 7649388762996677416

185177 GodsVoicemail the Basher (level 9, -1/70 HPs)
             Began as a Yellow Draconian Wanderer on Mar 13, 2021.
             Was a Follower of Ashenzari.
             Slain by a wight
             ... wielding a +3 long sword
              (5 damage)
             ... on level 7 of the Dungeon on Mar 21, 2021.
             The game lasted 00:58:42 (8763 turns).

GodsVoicemail the Basher (DrWn)                     Turns: 8763, Time: 00:58:43

Health: -1/70      AC: 10    Str: 13    XL:     9   Next: 3%
Magic:  11/12      EV: 14    Int: 20    God:    Ashenzari [*.....]
Gold:   467        SH:  3    Dex: 13    Spells: 6/12 levels left

rFire    . . .     SeeInvis .   a - +0 morningstar
rCold    . . .     Gourm    .   (no shield)
rNeg     . . .     Faith    .   (armour unavailable)
rPois    .         Spirit   .   (helmet restricted)
rElec    .         Reflect  +   o - +0 cloak
rCorr    +         Harm     .   n - +0 pair of gloves
MR       .....                  J - +0 pair of boots
Stlth    +.........             H - +3 amulet of reflection
HPRegen  0.21/turn              (no ring)
MPRegen  0.13/turn              (no ring)

@: brilliant, infused (expiring), very slightly contaminated, lightly drained
A: spit acid, acid resistance, unfitting armour, deterioration 1, wild magic 1,
cold-blooded, AC +7
a: Breathe Acid, Curse Item, Scrying, Renounce Religion


You were on level 7 of the Dungeon.
You worshipped Ashenzari.
Ashenzari was aware of your devotion.
You were not hungry.

You visited 2 branches of the dungeon, and saw 9 of its levels.

You collected 467 gold pieces.

Inventory:

Hand Weapons
 a - a +0 morningstar (weapon)
 b - a +0 hunting sling
Missiles
 j - 651 stones (quivered)
 x - 107 poisoned needles
 G - 148 sling bullets
 K - 237 bolts
Armour
 n - a +0 pair of gloves (worn)
 o - a +0 cloak (worn)
 J - a +0 pair of boots (worn)
Jewellery
 H - a +3 amulet of reflection (around neck)
Wands
 d - a wand of enslavement (8)
 C - a wand of polymorph (6)
 D - a wand of iceblast (4)
Scrolls
 g - 5 scrolls of teleportation {unknown}
 h - 3 scrolls of fog
 i - 5 scrolls of identify
 k - 4 scrolls of fear {unknown}
 l - 4 scrolls of enchant armour {unknown}
 m - 3 scrolls of magic mapping {unknown}
 p - 3 scrolls of noise {unknown}
 u - 2 scrolls of amnesia {unknown}
 y - a scroll of blinking {unknown}
 z - 2 scrolls of enchant weapon {unknown}
 A - a scroll of immolation {unknown}
 F - 3 scrolls of remove curse {unknown}
Potions
 f - a potion of resistance {unknown}
 q - a potion of lignification {unknown}
 r - a potion of heal wounds {unknown}
 s - a potion of cancellation {unknown}
 v - a potion of magic {unknown}
 B - 2 potions of brilliance
 I - a potion of ambrosia {unknown}
Comestibles
 e - 6 rations {!d}


   Skills:
 - Level 3.2(3.0) Fighting
   Level 1.0(0.7) Long Blades
 * Level 8.9(8.7) Maces & Flails
 - Level 3.0(2.7) Slings
 + Level 5.2(4.9) Dodging
 - Level 2.0(1.7) Spellcasting
 - Level 1.0(0.7) Charms
 - Level 2.0(1.7) Summonings
   Level 1.0(0.7) Necromancy
   Level 2.0(1.7) Poison Magic
 - Level 2.0(1.7) Evocations


You had 6 spell levels left.
You knew the following spells:

 Your Spells              Type           Power        Failure   Level  Hunger
a - Summon Small Mammal   Summ           ####         1%          1    None
b - Call Imp              Summ           ####..       2%          2    ###....
c - Summon Butterflies    Summ           ####....     1%          1    None
d - Apportation           Tloc           ###...       2%          1    None
e - Infusion              Chrm           ###.....     2%          1    None

Your spell library contained the following spells:

 Spells                   Type           Power        Failure   Level  Hunger
 Sandblast                Erth           ###...       2%          1    None
 Slow                     Hex            ###.....     2%          1    None
 Call Canine Familiar     Summ           ####....     4%          3    ####...
 Summon Ice Beast         Ice/Summ       ###.....     16%         4    ######.
 Summon Lightning Spire   Summ/Air       ###.....     34%         5    #######


Dungeon Overview and Level Annotations

Branches:
Dungeon (8/12)             Temple (1/1) D:6
   Lair: D:7-9          Orc: D:8-11

Altars:
Ashenzari
Cheibriados
Elyvilon
Fedhas
Gozag
Kikubaaqudgha
Lugonu
Makhleb
Nemelex Xobeh
Okawaru
Qazlal
Sif Muna
Trog
Uskayaw
Vehumet
Wu Jian
Yredelemnul
Zin
The Shining One

Shops:
D:4 (

Annotations:
D:2 1 runed door, exclusion: 2 downstairs
D:3 1 runed translucent door, yrara's ghost, amateur DsFi
D:4 exclusion: upstairs
D:5 exclusions: downstairs and sky beast
D:6 exclusions: ogre and oklob plant
D:7 exclusion: quasit
D:8 exclusion: upstairs


Innate Abilities, Weirdness & Mutations

You can spit globs of acid.
You are resistant to acid.
Your golden yellow scales are hard. (AC +7)
You cannot fit into any form of body armour.
You are cold-blooded and may be slowed by cold attacks.
Your body sometimes deteriorates upon taking damage.
Your spells are a little harder to cast, but a little more powerful.


Message History

Your bat's corpse disappears in a puff of smoke!
It was a potion of curing.
You feel better.
It was a potion of brilliance.
You feel clever all of a sudden.
The wight hits you with a +3 long sword.
* * * LOW HITPOINT WARNING * * *
You feel drained.
* * * LOW HITPOINT WARNING * * *
The troll bites you!
* * * LOW HITPOINT WARNING * * *
The troll claws you.
* * * LOW HITPOINT WARNING * * *
The troll closely misses you.
You feel better. The wight barely misses you. The troll bites you!
* * * LOW HITPOINT WARNING * * *
The troll closely misses you. You block the troll's attack.
It was a potion of mutation.
You feel extremely strange.
You feel yourself wasting away.
You feel less in control of your magic.
The wight hits you with a +3 long sword.
You die...

# #.....# #.# #
#.....# ###5##### #
#.....# #.......# #
#.....# #.#^###.# #
####### #.#.###.#
### # #..##.# ..#
#{##.##.#
#z#########.##.##T#
#.##..zb.b#...zz@.#
..z.)####.####z####
#.##.####.####.#
<.##.#....zb{..#
####...##.######
#.####.# #......#
########


You could see a troll and 3 wights.

Vanquished Creatures
  A hippogriff (D:6)
  An orc warrior (D:8)
  2 black bears
  A phantom (D:4)
  An ogre (D:8)
  A big kobold (D:8)
  2 scorpions
  7 howler monkeys
  2 crimson imps
  8 jellies
  A hound (D:6)
  2 orc priests
  Ijyb (D:3)
  5 orc wizards
  A hound skeleton (D:8)
  A worker ant zombie (D:6)
  8 adders
  2 shadow imps
  13 oozes
  2 adder zombies
  2 adder skeletons
  5 worms
  6 dart slugs
  5 leopard geckos
  14 orcs
  2 ball pythons
  4 giant cockroaches
  4 goblins
  7 hobgoblins
  3 jackals
  6 kobolds
  3 quokkas
  6 bats
  3 frilled lizards
  8 rats
140 creatures vanquished.

Vanquished Creatures (collateral kills)
  An ice beast (D:6)
  A scorpion (D:6)
  A howler monkey (D:5)
  A hound (D:5)
  A shadow imp (D:3)
  3 orcs
  A bat (D:1)
  A goblin (D:1)
  A kobold (D:1)
  A quokka (D:3)
  A rat (D:1)
  A butterfly (D:6)
14 creatures vanquished.

Vanquished Creatures (others)
  An adder (D:5)
  An orc wizard (D:6)
  9 fungi (D:6)
11 creatures vanquished.

Grand Total: 165 creatures vanquished

Notes
Turn   | Place    | Note
-------+----------+-------------------------------------------
     0 | D:1      | GodsVoicemail the Draconian Wanderer began the quest for
                  | the Orb.
     0 | D:1      | GodsVoicemail set off with the following items: a +0 club,
                  | a potion of berserk rage, a wand of enslavement (15), a
                  | ration {!d}; and the following spell memorised: Summon
                  | Small Mammal; and the following spells available to
                  | memorise: Call Imp, Call Canine Familiar, Summon Ice Beast,
                  | Summon Lightning Spire
     0 | D:1      | Reached XP level 1. HP: 19/19 MP: 2/2
   159 | D:1      | Reached skill level 1 in Maces & Flails
   275 | D:1      | Reached XP level 2. HP: 24/26 MP: 3/3
   566 | D:1      | Reached skill level 2 in Maces & Flails
   949 | D:1      | Reached XP level 3. HP: 31/31 MP: 1/4
  1339 | D:1      | Reached skill level 3 in Maces & Flails
  2069 | D:2      | Found a shattered altar of Ashenzari.
  2098 | D:2      | Became a worshipper of Ashenzari the Shackled
  2340 | D:2      | Found a runed door.
  2528 | D:2      | Reached XP level 4. HP: 35/38 MP: 3/5
  2739 | D:3      | Noticed a sky beast
  2937 | D:3      | Learned a level 2 spell: Call Imp
  3204 | D:4      | Reached skill level 4 in Maces & Flails
  3204 | D:4      | Reached XP level 5. HP: 45/45 MP: 6/6
  3466 | D:4      | Found Wirer's Antique Weapon Shoppe.
  3537 | D:4      | Found a basalt altar of Yredelemnul.
  3607 | D:4      | Reached skill level 1 in Summonings
  3697 | D:4      | Reached skill level 1 in Spellcasting
  4174 | D:4      | Noticed a phantom
  4211 | D:4      | Killed a phantom
  4212 | D:4      | Reached skill level 1 in Slings
  4212 | D:4      | Reached XP level 6. HP: 21/51 MP: 0/7
  4439 | D:4      | Found an iron altar of Okawaru.
  4480 | D:5      | Entered Level 5 of the Dungeon
  4815 | D:5      | Reached skill level 5 in Maces & Flails
  5066 | D:5      | Noticed a sky beast
  5275 | D:3      | Your scales start taking on a golden yellow colour.
  5275 | D:3      | Reached XP level 7. HP: 22/57 MP: 1/8
  5437 | D:3      | Noticed Ijyb
  5454 | D:3      | Killed Ijyb
  5616 | D:3      | Found a runed translucent door.
  5675 | D:3      | Found an ornate altar of the Wu Jian Council.
  5786 | D:3      | Noticed yrara's ghost (amateur DsFi)
  6009 | D:6      | Reached * piety under Ashenzari
  6142 | D:6      | Found a staircase to the Ecumenical Temple.
  6159 | D:6      | Learned a level 1 spell: Summon Butterflies
  6161 | D:6      | Learned a level 1 spell: Apportation
  6163 | D:6      | Learned a level 1 spell: Infusion
  6189 | Temple   | Entered the Ecumenical Temple
  6594 | D:6      | Noticed an oklob plant
  6745 | D:6      | Found a blossoming altar of Fedhas.
  6996 | D:6      | Reached skill level 6 in Maces & Flails
  7086 | D:6      | Reached skill level 1 in Charms
  7306 | D:6      | Noticed a hippogriff
  7334 | D:6      | Killed a hippogriff
  7335 | D:6      | Reached XP level 8. HP: 31/63 MP: 4/11
  7452 | D:6      | Reached skill level 7 in Maces & Flails
  7513 | D:6      | Found a bloodstained altar of Trog.
  7650 | D:6      | Found an ancient bone altar of Kikubaaqudgha.
  7889 | D:6      | Upgraded the game from bcrawl-1.30 to bcrawl-1.31
  8158 | D:7      | Noticed a troll
  8288 | D:7      | Reached skill level 8 in Maces & Flails
  8327 | D:7      | Noticed an elephant
  8350 | D:7      | Noticed a hippogriff
  8452 | D:8      | Found a corrupted altar of Lugonu.
  8521 | D:8      | Reached skill level 5 in Dodging
  8528 | D:8      | Found a sparkling altar of Nemelex Xobeh.
  8588 | D:8      | Reached XP level 9. HP: 47/70 MP: 8/12
  8708 | D:8      | Noticed a troll
  8763 | D:7      | Gained mutation: Your body sometimes deteriorates upon
                  | taking damage. [potion of mutation]
  8763 | D:7      | Gained mutation: Your spells are a little harder to cast,
                  | but a little more powerful. [potion of mutation]
  8763 | D:7      | Slain by a wight

Skill      XL: |  1  2  3  4  5  6  7  8 |
---------------+-------------------------+-----
Maces & Flails | 1 2 3 4 5 6 8 |  8.9
Summonings     | 1 2 |  2.0
Spellcasting   | 1 2 |  2.0
Dodging        | 2 3 5 |  5.2
Slings         | 1 2 3 |  3.0
Charms         | 1 |  1.0
Fighting       | |  3.2
Long Blades    | |  1.0
Necromancy     | |  1.0
Poison Magic   | |  2.0
Evocations     | |  2.0

Action                   |  1- 3 |  4- 6 |  7- 9 || total
-------------------------+-------+-------+-------++-------
Melee: Club              |   115 |       |       ||   115
       Tailslap          |    12 |    18 |    32 ||    62
       Mace              |     3 |   166 |    95 ||   264
       Morningstar       |       |       |   127 ||   127
       Unarmed           |       |       |     1 ||     1
 Fire: Hunting sling     |    34 |    96 |   113 ||   243
Throw: Stone             |    10 |    11 |     2 ||    23
 Cast: Summon Small Mamm |    29 |    52 |    19 ||   100
       Call Imp          |       |     1 |    14 ||    15
       Infusion          |       |       |    20 ||    20
       Summon Butterflie |       |       |     2 ||     2
Evoke: Wand              |       |     7 |     7 ||    14
  Use: Scroll            |     1 |       |       ||     1
       Potion            |       |       |     5 ||     5
 Stab: Distracted        |       |     3 |       ||     3
  Eat: Chunk             |    10 |    19 |    17 ||    46
       Ration            |       |       |     2 ||     2
Armor: Skin              |    35 |    73 |    97 ||   205
Dodge: Dodged            |    75 |   100 |   162 ||   337
Block: Other             |       |       |    21 ||    21
